Map: Eternal Empire LE

Players

RineR - Winner!

  • Race: Protoss Protoss
  • League: Gold
  • Spawn Location: 1:00

JohnnyV

  • Race: Terran Terran
  • League: Silver
  • Spawn Location: 7:00

VOD

Have the link to the VOD?

Description

Time

  • Played on: May 6, 2020, 7:11 p.m.
  • Length: 19:23
Show
View Real Time Build Order
Export as new Build Order

RineR Protoss - Winner!

Build Orders: 1 Gate Expand 

Get SALT Encoding   

  12  0:02  Probe (Chrono Boost)  
  13  0:11  Probe (Chrono Boost)  
  14  0:18  Pylon  
  14  0:24  Probe  
  15  0:36  Probe  
  16  0:43  Gateway  
  16  0:49  Probe  
  17  0:56  Assimilator  
  17  1:20  Nexus  
  17  1:33  Cybernetics Core  
  17  1:36  Probe  
  18  1:53  Probe  
  19  1:59  Assimilator  
  19  2:07  Probe  
  20  2:12  Warp Gate (Chrono Boost)  
  20  2:19  Probe (Chrono Boost)  
  22  2:31  Probe (Chrono Boost)  
  22  2:43  Adept  
  24  3:03  Probe (Chrono Boost)  
  26  3:13  Adept  
  26  3:14  Probe (Chrono Boost)  
  26  3:18  Probe (Chrono Boost)  
  28  3:23  Pylon  
  29  3:30  Probe  
  30  3:41  Stargate  
  30  3:42  Probe  
  30  3:45  Robotics Facility  
  31  3:52  Gateway x2  
  31  3:53  Gateway  
  31  3:54  Probe, Gateway  
  32  4:01  Assimilator  
  32  4:06  Probe  
  33  4:18  Probe  
  34  4:26  Probe  
  34  4:28  Oracle (Chrono Boost)  
  34  4:30  Probe  
  37  4:39  Probe  
  37  4:42  Probe  
  39  4:51  Probe  
  40  4:54  Probe  
  40  4:58  Oracle  
  44  5:03  Probe  
  44  5:06  Probe  
  46  5:07  Pylon  
  46  5:09  Pylon  
  46  5:11  Pylon  
  46  5:25  Probe x2  
  46  5:26  Stalker x2  
  46  5:27  Stalker x3  
  58  5:37  Probe  
  59  6:01  Stalker  
  59  6:02  Stalker x4  
  69  6:07  Pylon  
  69  6:25  Robotics Bay  
  69  6:28  Forge x2  
  69  6:35  Sentry  
  69  6:36  Sentry  
  73  6:58  Protoss Ground Armor Level 1 (Chrono Boost), Protoss Ground Weapons Level 1 (Chrono Boost)  
  67  7:38  Probe (Chrono Boost)  
  67  7:41  Probe (Chrono Boost)  
  69  7:48  Assimilator  
  69  7:49  Probe (Chrono Boost)  
  69  7:50  Probe (Chrono Boost)  
  71  7:53  Probe (Chrono Boost)  
  71  7:56  Pylon  
  72  8:01  Stalker x3  
  78  8:14  Probe  
  79  8:24  Stalker x3  
  79  8:26  Probe  
  86  8:34  Photon Cannon  
  86  8:35  Extended Thermal Lance  
  86  8:37  Shield Battery  
  86  8:55  Pylon  
  86  8:56  Pylon  
  86  8:57  Pylon  
  86  9:09  Colossus (Chrono Boost)  
  86  9:13  Probe  
  93  9:18  Assimilator  
  93  9:22  Nexus, Photon Cannon  
  93  9:24  Assimilator  
  93  9:25  Probe  
  94  9:44  Twilight Council  
  94  9:49  Phoenix  
  94  9:56  Colossus  
  100  10:05  Zealot x4  
  100  10:06  Zealot  
  110  10:49  Stalker x3  
  116  10:50  Stalker x2, Observer  
  121  11:05  Blink (Chrono Boost)  
  121  11:10  Protoss Ground Weapons Level 2  
  121  11:11  Protoss Ground Armor Level 2  
  89  11:48  Stalker  
  89  11:49  Stalker x4  
  55  12:35  Stalker x4  
  55  12:36  Stalker  
  62  12:39  Colossus  
  68  12:45  Gateway  
  68  12:48  Gateway  
  68  12:59  Charge  
  66  13:32  Probe, Colossus  
  73  13:38  Stalker x3  
  73  13:39  Stalker x2  
  83  13:44  Probe, Photon Cannon  
  84  13:54  Protoss Ground Armor Level 3 (Chrono Boost), Zealot x2, Protoss Ground Weapons Level 3 (Chrono Boost)  
  88  13:56  Probe  
  89  14:08  Probe  
  90  14:20  Probe  
  91  14:26  Colossus  
  97  14:38  Photon Cannon  
  97  14:41  Stalker x4  
  97  14:42  Stalker x3  
  111  14:49  Pylon  
  111  14:50  Pylon  
  111  14:52  Pylon  
  111  14:55  Gateway  
  111  14:56  Gateway  
  111  14:58  Gateway  
  111  15:07  Gateway  
  113  15:20  Colossus  
  120  15:21  Oracle  
  120  15:28  Protoss Air Weapons Level 1  
  120  15:38  Pylon  
  120  15:40  Pylon  
  120  15:42  Pylon  
  120  15:47  Zealot  
  120  15:48  Zealot x5  
  120  15:49  Zealot  
  134  15:58  Oracle  
  137  16:10  Nexus  
  137  16:11  Zealot x4  
  137  16:12  Zealot x2, Assimilator  
  137  16:13  Zealot x2, Colossus  
  137  16:14  Zealot x3  
  137  16:17  Assimilator  
  165  16:24  Pylon  
  165  16:26  Pylon  
  165  16:29  Pylon  
  165  16:31  Pylon  
  165  16:35  Oracle  
  156  17:07  Warp Prism  
  156  17:12  Phoenix  
  158  17:25  Zealot x5  
  158  17:26  Zealot x2  
  172  17:52  Pylon  
  172  17:53  Pylon  
  172  17:55  Pylon  
  172  17:56  Nexus  
  172  18:00  Assimilator  
  172  18:09  Phoenix  
  164  19:01  Stalker  
  160  19:03  Stalker x2  
  160  19:04  Stalker x3  
  160  19:05  Stalker x3  
Show
View Real Time Build Order
Export as new Build Order

JohnnyV Terran 

Build Orders:  

Get SALT Encoding   

  12  0:01  SCV  
  13  0:13  SCV  
  14  0:18  Supply Depot  
  14  0:25  SCV  
  15  0:34  Refinery  
  15  0:40  SCV  
  16  0:44  Supply Depot  
  16  0:47  Barracks  
  16  0:52  SCV  
  17  1:04  SCV  
  18  1:16  SCV  
  19  1:28  SCV  
  20  1:36  Command Center  
  20  1:40  Reaper  
  21  1:48  Supply Depot  
  21  1:56  SCV  
  22  2:02  Refinery  
  22  2:08  SCV  
  23  2:18  Factory  
  23  2:21  Barracks Reactor  
  23  2:26  Orbital Command  
  23  2:38  Bunker  
  23  2:56  SCV  
  23  2:57  Marine x2  
  26  3:03  SCV  
  26  3:04  Factory Tech Lab  
  27  3:08  SCV  
  27  3:12  Engineering Bay  
  28  3:15  SCV, Marine x2  
  30  3:23  SCV  
  30  3:25  Siege Tank  
  34  3:33  Marine x2  
  36  3:34  Supply Depot  
  36  3:36  SCV  
  37  3:44  Terran Infantry Weapons Level 1  
  37  3:48  Orbital Command  
  37  3:52  Marine x2  
  39  3:58  Starport  
  39  4:01  SCV  
  40  4:04  Refinery  
  40  4:12  Siege Tank  
  43  4:18  SCV x2  
  43  4:23  Refinery  
  45  4:34  Supply Depot  
  45  4:35  SCV  
  45  4:36  SCV  
  45  4:38  Liberator  
  50  4:54  Siege Tank  
  50  4:56  Marine x2  
  55  5:09  Barracks  
  55  5:10  Barracks  
  55  5:14  Armory  
  55  5:22  Marine x2  
  55  5:26  Starport Tech Lab  
  57  5:38  Siege Tank  
  57  5:39  Marine  
  57  5:40  Marine  
  62  5:46  Supply Depot  
  62  5:48  Supply Depot  
  62  6:00  Barracks Reactor, Barracks Tech Lab  
  62  6:10  Cyclone  
  65  6:13  Missile Turret  
  65  6:15  Missile Turret  
  65  6:19  SCV x2  
  65  6:23  Terran Ship Weapons Level 1  
  67  6:28  Combat Shield  
  67  6:44  SCV  
  68  6:51  Raven  
  70  6:57  SCV  
  70  7:00  SCV  
  70  7:01  Marine x2  
  74  7:02  Marauder  
  76  7:19  Cyclone  
  76  7:22  Supply Depot  
  79  7:23  Supply Depot, Marauder  
  78  7:32  Missile Turret  
  78  7:36  Missile Turret  
  78  7:38  Terran Infantry Armor Level 1  
  78  7:39  Marine x2  
  80  7:45  Supply Depot  
  80  7:53  Sensor Tower  
  80  7:55  Cyclone  
  83  8:16  Marauder, Marine x2  
  83  8:18  Concussive Shells  
  87  8:21  Medivac  
  89  8:28  Fusion Core  
  89  8:32  Command Center  
  89  8:38  Marauder  
  91  8:49  Marine  
  91  8:50  Marine x2  
  91  8:51  Marine  
  95  8:59  Marauder  
  97  9:09  Missile Turret  
  97  9:10  Missile Turret  
  97  9:19  Weapon Refit  
  97  9:20  Marauder  
  97  9:22  Battlecruiser  
  105  9:30  Starport  
  105  9:34  SCV  
  105  9:35  SCV  
  107  9:39  Terran Infantry Armor Level 2  
  107  9:46  Terran Vehicle Weapons Level 1  
  107  9:56  Marine x3  
  107  9:57  Marine  
  107  9:58  Marine  
  112  10:01  Cyclone  
  115  10:11  Starport Reactor  
  115  10:34  Cyclone  
  118  10:56  Marine x5  
  123  11:00  Medivac  
  125  11:05  Supply Depot  
  125  11:13  Marine  
  125  11:15  Marauder  
  125  11:17  Marine  
  125  11:25  Marine  
  125  11:27  Battlecruiser, Marine  
  111  11:37  Marauder  
  87  11:40  Marine  
  87  11:41  Marine  
  87  11:43  Marine  
  87  11:44  Marine  
  73  11:52  Terran Vehicle Weapons Level 2  
  73  11:54  Medivac  
  73  11:57  Marine  
  73  11:58  Marine  
  73  11:59  Marine  
  73  12:01  Marine  
  78  12:02  Marine  
  78  12:06  SCV x2  
  82  12:15  Marine  
  79  12:27  Marine x2  
  79  12:28  Marine  
  78  12:35  Raven  
  80  12:38  Medivac  
  80  12:39  Medivac  
  80  12:42  Siege Tank  
  87  13:02  Marine  
  87  13:03  Marine x4  
  92  13:12  Terran Infantry Weapons Level 2  
  92  13:18  Battlecruiser  
  98  13:20  Supply Depot, Marine x3  
  98  13:22  Supply Depot  
  101  13:35  Factory  
  101  13:38  Factory  
  101  13:43  Refinery  
  101  13:46  Planetary Fortress  
  101  13:47  Refinery  
  101  14:01  Engineering Bay  
  101  14:23  Marine x4  
  101  14:24  Marauder  
  101  14:25  Battlecruiser  
  101  14:28  Stimpack  
  107  14:33  Factory Tech Lab  
  107  14:34  Factory Tech Lab  
  107  14:42  Marine  
  107  14:43  Marine x3  
  107  14:45  Marauder, Thor  
  119  15:00  Marine  
  119  15:01  SCV x3  
  125  15:07  Marauder  
  125  15:13  SCV  
  128  15:28  Marauder  
  128  15:30  Sensor Tower  
  128  15:32  Refinery  
  128  15:33  SCV x3  
  128  15:34  Refinery  
  131  15:37  Marine  
  131  15:39  Medivac x3  
  138  15:49  Marauder  
  140  15:50  Marine x2  
  140  15:51  Marine  
  143  16:01  Command Center  
  143  16:05  Marine  
  143  16:09  Medivac x2  
  148  16:19  Supply Depot  
  148  16:22  Cyclone  
  148  16:23  Marauder  
  153  16:44  Marauder  
  106  17:05  Marine x4  
  106  17:06  Marauder  
  83  17:19  Thor  
  84  17:23  Marine x4  
  84  17:27  Marauder  
  90  17:35  Siege Tank  
  93  17:40  Marine  
  93  17:41  Marine x3  
  97  17:48  Marauder  
  99  17:56  Battlecruiser  
  105  17:58  Marine x2  
  105  17:59  Marine x2  
  108  18:09  Marine  
  101  18:27  Marauder  
  103  18:39  Marine x3  
  106  18:43  Viking x2  
  110  18:49  Marauder  
  103  19:00  Marine x4  
Tags
 
Add a new tag
Caveats
  • Supply blocks, unpowered buildings, or Contaminate may cause inaccurate times.
  • Supply counts are checked every 10 seconds.